 Dungeon Crawl Stone Soup version 0.24-a0-459-g225fefd (webtiles) character file.

Game seed: 4510458366010920586

157420 GandaPestile the Severer (level 16, -3/247 HPs)
             Began as a Minotaur Berserker on June 28, 2019.
             Was a High Priest of Trog.
             Slain by GandaPestile's illusion (28 damage)
             ... woven by Mara
             ... on level 4 of the Swamp.
             The game lasted 02:05:29 (26965 turns).

GandaPestile the Severer (Minotaur Berserker)      Turns: 26965, Time: 02:05:30

Health: -3/247     AC: 23    Str: 33    XL:     16   Next: 85%
Magic:  21/21      EV: 17    Int:  4    God:    Trog [*****.]
Gold:   588        SH:  3    Dex: 14    Spells: 15/15 levels left

rFire    + . .     SeeInvis .   S - +4 executioner's axe (chop)
rCold    + . .     Gourm    .   (shield currently unavailable)
rNeg     . . .     Faith    .   y - +4 plate armour {rPois}
rPois    +         Spirit   .   (helmet restricted)
rElec    .         Reflect  +   (no cloak)
rCorr    .         Harm     .   (no gloves)
MR       ++++.                  s - +1 pair of boots
Stlth    ..........             f - +3 amulet of reflection
HPRegen  1.51/turn              A - ring "Diddetseg" {rF+ rC+ Dex+3}
MPRegen  0.17/turn              o - ring of protection from magic

@: mighty, berserking, regenerating, slow
A: retaliatory headbutt, horns 2, robust 1, subdued magic 1
}: 1/15 runes: serpentine
a: Berserk, Trog's Hand, Brothers in Arms, Renounce Religion


You were on level 4 of the Swamp.
You worshipped Trog.
Trog was extremely pleased with you.
You were not hungry.

You visited 5 branches of the dungeon, and saw 23 of its levels.

You collected 1776 gold pieces.
You spent 1188 gold pieces at shops.

Inventory:

Hand Weapons
 a - a +5 battleaxe of flaming
 r - a +1 triple crossbow of freezing
 N - the +1 hand axe "Reatid" {freeze, Int+2 Dex+3}
   (Trog gifted it to you on level 2 of the Lair of Beasts)

   It has been specially enchanted to freeze those struck by it, causing extra
   injury to most foes and up to half again as much damage against particularly
   susceptible opponents.
   It can also slow down cold-blooded creatures.
   It affects your intelligence (+2).
   It affects your dexterity (+3).
 S - a +4 executioner's axe of chopping (weapon)
Missiles
 n - 75 poisoned darts (quivered)
Armour
 s - a +1 pair of boots (worn)
 y - a +4 plate armour of poison resistance (worn)
 B - a scarf of cloud immunity
Jewellery
 e - an uncursed ring of poison resistance
 f - a +3 amulet of reflection (around neck)
 o - a ring of protection from magic (right hand)
 x - an uncursed ring of protection from cold
 z - an uncursed ring of flight
 A - the ring "Diddetseg" (left hand) {rF+ rC+ Dex+3}
   (You bought it in a shop on level 2 of the Orcish Mines)

   [ring of dexterity]

   It affects your dexterity (+3).
   It protects you from fire.
   It protects you from cold.
 C - an uncursed amulet of the acrobat
 D - an uncursed ring of fire
 J - an uncursed ring of protection from magic
 L - an uncursed ring of see invisible
 M - a +6 ring of dexterity
 P - an uncursed ring of resist corrosion {unknown}
Wands
 j - a wand of random effects (33)
 k - a wand of disintegration (6)
 m - a wand of paralysis (15)
 w - a wand of acid (4)
 E - a wand of clouds (6)
 F - a wand of flame (7)
 T - a wand of scattershot (5)
Scrolls
 g - a scroll of silence {unknown}
 h - 9 scrolls of teleportation
 p - 5 scrolls of identify
 q - a scroll of acquirement {unknown}
 t - 4 scrolls of fear
 u - 7 scrolls of remove curse
 v - 5 scrolls of magic mapping
 O - 3 scrolls of vulnerability
 Q - a scroll of random uselessness {unknown}
 U - a scroll of summoning {unknown}
Potions
 b - a potion of ambrosia
 d - 6 potions of curing
 i - 3 potions of haste
 l - 3 potions of lignification
 G - a potion of might
 I - a potion of agility
Comestibles
 c - 7 rations


   Skills:
 + Level 15.6 Fighting
 * Level 20.8 Axes
 + Level 15.4 Armour
 + Level 14.3 Dodging
 + Level 8.5 Evocations


You had 15 spell levels left.
You didn't know any spells.
Your spell library was empty.

Dungeon Overview and Level Annotations

Branches:
Dungeon (10/15)            Temple (0/1) D:7            Lair (3/6) D:10
  Swamp (4/4) Lair:3        Snake (4/4) Lair:3          Orc (2/2) D:9
    Elf (0/3) Orc:2

Altars:
Cheibriados
Dithmenos
Elyvilon
Kikubaaqudgha
Makhleb
Nemelex Xobeh
Qazlal
Ru
Trog
Wu Jian
Xom
Yredelemnul
Beogh

Shops:
D:6 ?   D:10 :   Orc:2 }=(}   Snake:1 !   Snake:4 [}*[*

Annotations:
D:8 3 runed translucent doors, octopodefightclub's ghost, novice OpGl
Lair:2 2 runed translucent doors, NeededCrab's ghost, journeyman OgGl
Lair:3 3 runed translucent doors, exclusion: oklob plant, Baakeo's ghost, journeyman HOFi
Swamp:4 Mara
Snake:2 exclusion: Roxanne, Roxanne


Innate Abilities, Weirdness & Mutations

You reflexively headbutt those who attack you in melee.
You have a pair of horns on your head.
You are robust. (+10% HP)
Your spells are a little easier to cast, but a little less powerful.


Message History

Your unstable footing causes you to fumble your attack.
Mara blinks! x2
GandaPestile's illusion hits you but does no damage.
You miss GandaPestile's illusion.
Your headbutt misses GandaPestile's illusion.
GandaPestile's illusion hits you.
* * * LOW HITPOINT WARNING * * *
x2 You feel very mighty all of a sudden.
GandaPestile's illusion hits you!!
* * * LOW HITPOINT WARNING * * *
x2 A red film seems to cover your vision as you go berserk!
You feel yourself moving faster!
You feel mighty!
You feel a lot more hungry.
GandaPestile's illusion completely misses you.
You furiously retaliate!
You headbutt GandaPestile's illusion! Mara hits you but does no damage.
Your unstable footing causes you to fumble your attack.
Your unstable footing causes you to fumble your attack.
You feel the effects of Trog's Hand fading.
GandaPestile's illusion hits you!!
You die...

♣..≈..≈≈≈≈ ....≈≈≈≈ ≈
.≈≈≈≈.♣♣ .♣ ≈.≈≈≈§♣..♣
♣♣♣♣♣ ♣♣♣ §.≈≈≈.≈..
♣...♣♣♣♣ ♣♣≈♣♣ ♣.≈≈≈≈...
♣≈≈≈≈≈≈♣♣♣.≈.♣♣♣≈≈.≈.≈..
♣≈≈≈≈≈≈≈♣≈.≈R♣.≈≈≈♣≈≈≈♣♣
♣♣≈≈....♣§≈†R@@≈≈♣♣ ♣♣
♣♣♣♣...≈.††♣♣♣.≈♣
♣≈≈≈≈≈..≈♣ ♣♣♣♣
♣♣..≈≈....♣
♣.≈≈≈≈.♣♣≈≈≈≈
♣♣.≈≈≈≈♣♣♣♣♣.≈≈
♣.≈≈≈≈....≈§≈≈≈.
♣.≈..<..§≈..≈≈≈≈
♣♣.§♣♣♣.≈≈≈≈≈≈≈.


You could see 2 Maras and GandaPestile's illusion.

Vanquished Creatures
  Saint Roka (Snake:3)
  10 nagarajas
  An orc warlord (Orc:2)
  Louise (Swamp:1)
  Harold (D:9)
  5 hydras
  Erolcha (Orc:2)
  A ghost crab (Swamp:2)
  11 naga warriors
  A shambling mangrove (Swamp:1)
  Erica (D:9)
  11 anacondas
  5 alligators
  3 two-headed ogres
  6 death yaks (Lair:2)
  7 shock serpents
  8 naga sharpshooters
  4 orc high priests (Orc:2)
  4 salamander mystics (Snake:4)
  4 spriggans (Swamp:1)
  3 swamp dragons
  5 naga ritualists
  6 orc knights
  14 mana vipers
  3 lindwurms (Snake:4)
  6 salamanders
  5 orc sorcerers
  9 elephants
  Maurice (Orc:2)
  31 black mambas
  8 spiny frogs
  Joseph (D:7)
  24 naga magi
  8 guardian serpents
  Psyche (D:8)
  3 komodo dragons
  The ghost of Despondentz the Poker, an amateur DrBe of Trog (D:4)
  3 trolls
  7 blink frogs
  4 polar bears
  2 dream sheep (D:10)
  2 tyrant leeches
  4 hornets (Swamp:1)
  5 hippogriffs
  3 slime creatures (Swamp:4)
  5 bog bodies
  Sigmund (D:4)
  26 yaks
  A wyvern (D:10)
  4 basilisks
  Menkaure (D:4)
  3 hungry ghosts
  11 vampire mosquitoes
  6 swamp worms
  A two-headed ogre zombie (D:9)
  6 wargs
  5 insubstantial wisps
  32 nagas
  2 porcupines
  10 water moccasins
  2 black bears
  2 swamp drakes (Swamp:1)
  47 orc warriors
  2 sky beasts
  3 phantoms
  3 centaurs
  12 ogres
  2 wolves (Lair:3)
  11 crocodiles
  5 big kobolds
  13 bullfrogs
  A gnoll sergeant (D:5)
  2 scorpions
  4 wights (D:9)
  An electric eel (Lair:1)
  2 spectral bullfrogs (D:9)
  A centaur zombie (D:7)
  4 crimson imps
  3 howler monkeys
  2 hounds
  31 orc priests
  2 bullfrog zombies
  A jelly (D:10)
  Crazy Yiuf (D:6)
  A bullfrog skeleton (D:6)
  A centaur skeleton (D:7)
  2 iguanas
  Ijyb (D:3)
  13 orc wizards
  6 worker ants
  A centaur simulacrum (D:9)
  7 ogre zombies (D:9)
  A hound skeleton (D:10)
  10 gnolls
  6 adders
  A howler monkey skeleton (D:9)
  2 shadow imps
  2 oozes
  2 adder skeletons
  3 worms (D:3)
  3 dart slugs (D:1)
  2 leopard geckos
  80 orcs
  5 giant cockroaches
  4 goblins
  6 hobgoblins
  8 jackals
  17 kobolds
  2 quokkas
  A ball python (D:8)
  9 bats
  6 frilled lizards
  4 goblin zombies (D:9)
  A hobgoblin skeleton (D:9)
  5 hobgoblin zombies (D:9)
  2 leopard gecko skeletons
  An orc skeleton (D:9)
  14 orc zombies (D:9)
  A quokka skeleton (D:6)
  A quokka zombie (D:5)
  7 rats
  A plant (Lair:3)
755 creatures vanquished.

Vanquished Creatures (collateral kills)
  A naga warrior (Snake:2)
  A hydra (Lair:1)
  A shambling mangrove (Swamp:1)
  A two-headed ogre (Orc:2)
  The ghost of PanadianCanda the Grappler, a novice TrTm of Okawaru (D:9)
  2 anacondas (Snake:4)
  A naga sharpshooter (Snake:1)
  A spriggan (Swamp:1)
  A salamander mystic (Snake:4)
  A lindwurm (Snake:4)
  An orc knight (Orc:2)
  A centaur zombie (D:9)
  2 naga magi (Snake:4)
  A guardian serpent (Snake:2)
  A spiny frog (Lair:1)
  A hornet (Swamp:1)
  6 nagas
  An ogre (Orc:2)
  A bullfrog zombie (D:9)
  3 orcs (Orc:2)
29 creatures vanquished.

Vanquished Creatures (others)
  2 alligators (Swamp:4)
  A hornet (Swamp:4)
  A spriggan (Swamp:4)
  2 fungi
6 creatures vanquished.

Grand Total: 790 creatures vanquished

Notes
Turn   | Place    | Note
-------+----------+-------------------------------------------
     0 | D:1      | GandaPestile the Minotaur Berserker began the quest for the
                  | Orb.
     0 | D:1      | Reached XP level 1. HP: 19/19 MP: 0/0
    51 | D:1      | Reached skill level 4 in Axes
    51 | D:1      | Reached XP level 2. HP: 3/27 MP: 1/1
   646 | D:1      | Reached XP level 3. HP: 33/33 MP: 2/2
   812 | D:2      | Reached ** piety under Trog
  1103 | D:2      | Found a white marble altar of Elyvilon.
  1325 | D:3      | Found a bloodstained altar of Trog.
  1377 | D:3      | Found a snail-covered altar of Cheibriados.
  1378 | D:3      | Noticed Ijyb
  1401 | D:3      | Killed Ijyb
  1401 | D:3      | Reached XP level 4. HP: 41/41 MP: 3/3
  1631 | D:3      | Reached skill level 5 in Axes
  1672 | D:3      | Found a faded altar of an unknown god.
  1854 | D:3      | Reached XP level 5. HP: 45/47 MP: 4/4
  2001 | D:4      | Noticed an ogre
  2007 | D:4      | Noticed Sigmund
  2008 | D:4      | Reached *** piety under Trog
  2010 | D:4      | Killed an ogre
  2025 | D:4      | Killed Sigmund
  2025 | D:4      | Reached skill level 5 in Fighting
  2025 | D:4      | Reached skill level 6 in Axes
  2025 | D:4      | Reached XP level 6. HP: 28/56 MP: 5/5
  2222 | D:4      | Found a transporter.
  2223 | D:4      | Found a transporter.
  2223 | D:4      | Noticed Despondentz's ghost (amateur DrBe)
  2227 | D:4      | Identified the cursed +0 great mace of Didij {flame, Dex+2}
  2610 | D:4      | Noticed Menkaure
  2616 | D:4      | Killed Menkaure
  2616 | D:4      | Reached XP level 7. HP: 31/61 MP: 6/6
  3202 | D:4      | Gained mutation: Your spells are a little easier to cast,
                  | but a little less powerful. [potion of mutation]
  3202 | D:4      | Gained mutation: You are robust. (+10% HP) [potion of
                  | mutation]
  3483 | D:4      | Reached skill level 7 in Axes
  3493 | D:4      | Killed Despondentz's ghost
  3493 | D:4      | Reached skill level 5 in Armour
  3596 | D:5      | Entered Level 5 of the Dungeon
  3605 | D:5      | Found a sparkling altar of Nemelex Xobeh.
  3644 | D:5      | Reached skill level 8 in Axes
  3644 | D:5      | Reached XP level 8. HP: 77/77 MP: 7/7
  3652 | D:5      | Reached skill level 5 in Dodging
  3919 | D:5      | Found a stormy altar of Qazlal.
  3920 | D:5      | Found an ancient bone altar of Kikubaaqudgha.
  3922 | D:5      | Found a burning altar of Makhleb.
  3923 | D:5      | Found a shimmering altar of Xom.
  3923 | D:5      | Found an ornate altar of the Wu Jian Council.
  3924 | D:5      | Found a basalt altar of Yredelemnul.
  4578 | D:6      | Reached skill level 9 in Axes
  4662 | D:6      | Found Nisuewk's Magic Scroll Shoppe.
  4765 | D:6      | Bought a scroll of enchant weapon for 97 gold pieces
  4765 | D:6      | Bought a scroll of identify for 26 gold pieces
  5086 | D:6      | Found a runed translucent door.
  5087 | D:6      | Noticed Crazy Yiuf
  5095 | D:6      | Killed Crazy Yiuf
  5202 | D:7      | Reached **** piety under Trog
  5609 | D:7      | Noticed Joseph
  5617 | D:7      | Reached XP level 9. HP: 77/86 MP: 8/8
  5647 | D:7      | Killed Joseph
  5647 | D:7      | Reached skill level 10 in Axes
  5972 | D:7      | Found a shadowy altar of Dithmenos.
  6270 | D:7      | Found a staircase to the Ecumenical Temple.
  6492 | D:8      | Noticed Psyche
  6503 | D:8      | Killed Psyche
  6650 | D:8      | Reached skill level 11 in Axes
  6681 | D:8      | Found a runed translucent gate.
  6682 | D:8      | Found a runed translucent gate.
  6682 | D:8      | Found a runed translucent gate.
  6683 | D:8      | Noticed octopodefightclub's ghost (novice OpGl)
  7028 | D:9      | Found a sacrificial altar of Ru.
  7078 | D:9      | Noticed Erica
  7085 | D:9      | Killed Erica
  7085 | D:9      | Reached XP level 10. HP: 99/99 MP: 9/9
  7207 | D:9      | Found a runed translucent gate.
  7207 | D:9      | Found a runed translucent gate.
  7208 | D:9      | Found a runed translucent gate.
  7209 | D:9      | Noticed PanadianCanda's ghost (novice TrTm)
  7545 | D:9      | Found a staircase to the Orcish Mines.
  7556 | D:9      | Reached skill level 12 in Axes
  7586 | D:9      | Reached ***** piety under Trog
  7595 | D:9      | Noticed Harold
  7612 | D:9      | Killed Harold
  7888 | Orc:1    | Entered Level 1 of the Orcish Mines
  7933 | Orc:1    | Noticed a two-headed ogre
  7941 | Orc:1    | Killed a two-headed ogre
  8312 | Orc:2    | Entered Level 2 of the Orcish Mines
  8333 | Orc:1    | Reached XP level 11. HP: 52/108 MP: 10/10
  8527 | Orc:2    | Reached skill level 13 in Axes
  8543 | Orc:2    | Noticed a two-headed ogre
  8554 | Orc:2    | Killed a two-headed ogre
  8554 | Orc:2    | Reached skill level 10 in Fighting
  9205 | Orc:2    | Noticed an orc knight
  9221 | Orc:2    | Killed an orc knight
  9454 | Orc:2    | Found a roughly hewn altar of Beogh.
  9454 | Orc:2    | Noticed an orc knight
  9461 | Orc:2    | Killed an orc knight
  9539 | Orc:2    | Noticed an orc sorcerer
  9539 | Orc:2    | Noticed an orc knight
  9543 | Orc:2    | Killed an orc sorcerer
  9543 | Orc:2    | Reached skill level 10 in Armour
  9558 | Orc:2    | Killed an orc knight
  9788 | Orc:2    | Noticed an orc knight
  9795 | Orc:2    | Killed an orc knight
  9795 | Orc:2    | Reached skill level 14 in Axes
  9796 | Orc:2    | Found Viothruf's Gadget Emporium.
  9806 | Orc:2    | Found Yclunkek's Jewellery Shoppe.
  9806 | Orc:2    | Noticed an orc knight
  9811 | Orc:2    | Killed an orc knight
  9927 | Orc:2    | Bought a +3 amulet of reflection for 157 gold pieces
  9928 | Orc:2    | Bought the ring "Diddetseg" {rF+ rC+ Dex+3} for 367 gold
                  | pieces
  9941 | Orc:2    | Noticed an orc sorcerer
  9942 | Orc:2    | Paralysed by an orc sorcerer for 5 turns
  9950 | Orc:2    | Killed an orc sorcerer
 10071 | Orc:2    | Received a gift from Trog
 10096 | Orc:2    | Noticed Erolcha
 10100 | Orc:2    | Killed Erolcha
 10286 | Orc:2    | Noticed a two-headed ogre
 10291 | Orc:2    | Killed a two-headed ogre
 10360 | Orc:2    | Noticed Maurice
 10381 | Orc:2    | Killed Maurice
 10381 | Orc:2    | Reached XP level 12. HP: 108/121 MP: 11/11
 10449 | Orc:2    | Reached skill level 10 in Dodging
 10640 | Orc:2    | Identified the Disquisition on Fiery Contamination
 10704 | Orc:2    | Found a staircase to the Elven Halls.
 10851 | Orc:2    | Noticed an orc warlord
 10906 | Orc:2    | Killed an orc warlord
 10906 | Orc:2    | Reached skill level 15 in Axes
 11288 | Orc:2    | Noticed a two-headed ogre
 11292 | Orc:2    | Killed a two-headed ogre
 11434 | Orc:2    | Found a roughly hewn altar of Beogh.
 11449 | Orc:2    | Noticed an orc high priest
 11453 | Orc:2    | Found Pafona's Gadget Shoppe.
 11456 | Orc:2    | Killed an orc high priest
 11795 | Orc:2    | Found Jaher's Weapon Shop.
 11795 | Orc:2    | Noticed an orc high priest
 11826 | Orc:2    | Killed an orc high priest
 11827 | Orc:2    | Received a gift from Trog
 12033 | Orc:2    | Noticed an orc high priest
 12045 | Orc:2    | Killed an orc high priest
 12084 | Orc:2    | Noticed an orc high priest
 12095 | Orc:2    | Killed an orc high priest
 12462 | Orc:1    | Reached skill level 16 in Axes
 12887 | D:9      | Killed PanadianCanda's ghost
 12949 | D:10     | Entered Level 10 of the Dungeon
 12999 | D:10     | Found a staircase to the Lair.
 13149 | D:10     | Reached XP level 13. HP: 124/129 MP: 12/12
 13558 | D:10     | Found Ciremeh's Book Shop.
 13732 | Lair:1   | Entered Level 1 of the Lair of Beasts
 13841 | Lair:1   | Reached skill level 1 in Evocations
 15038 | Lair:2   | Received a gift from Trog
 15039 | Lair:2   | Got an iridescent hand axe {god gift}
 15040 | Lair:2   | Identified the +1 hand axe "Reatid" {freeze, Int+2 Dex+3}
                  | (Trog gifted it to you on level 2 of the Lair of Beasts)
 15069 | Lair:2   | Found a large runed translucent door.
 15126 | Lair:2   | Found a large runed translucent door.
 15130 | Lair:2   | Noticed NeededCrab's ghost (journeyman OgGl)
 15191 | Lair:2   | Found a snail-covered altar of Cheibriados.
 15351 | Lair:2   | Reached skill level 17 in Axes
 16049 | Lair:3   | Found a staircase to the Swamp.
 16061 | Lair:3   | Found a staircase to the Snake Pit.
 16086 | Lair:3   | Reached XP level 14. HP: 137/141 MP: 15/15
 16326 | Lair:3   | Found a runed translucent gate.
 16326 | Lair:3   | Found a runed translucent gate.
 16327 | Lair:3   | Found a runed translucent gate.
 16553 | Snake:1  | Entered Level 1 of the Snake Pit
 17156 | Snake:1  | Found Anoar's Distillery.
 17159 | Snake:1  | Bought a potion of heal wounds for 60 gold pieces
 17159 | Snake:1  | Bought a potion of heal wounds for 60 gold pieces
 17159 | Snake:1  | Bought a potion of agility for 48 gold pieces
 17159 | Snake:1  | Bought a potion of curing for 36 gold pieces
 17202 | Snake:1  | Reached skill level 18 in Axes
 18283 | Snake:2  | Received a gift from Trog
 18296 | Snake:1  | Reached skill level 5 in Evocations
 18409 | Snake:2  | Noticed a nagaraja
 18437 | Snake:2  | Killed a nagaraja
 18948 | Snake:2  | Identified Roxanne's Incunabulum of Transmigration
 18948 | Snake:2  | Noticed Roxanne
 19035 | Snake:2  | Found the +7 lajatang of Order {silver, rMut}
 20080 | Snake:3  | Reached XP level 15. HP: 145/151 MP: 18/18
 20182 | Snake:3  | Noticed Saint Roka
 20196 | Snake:3  | Killed Saint Roka
 20612 | Snake:4  | Entered Level 4 of the Snake Pit
 20716 | Snake:4  | Reached skill level 19 in Axes
 20891 | Snake:4  | Found Erpheafall's Antique Armour Shop.
 20891 | Snake:4  | Found Xumpesiv's Gadget Boutique.
 21004 | Snake:4  | Found Vushek's Assorted Antiques.
 21012 | Snake:4  | Bought a potion of curing for 81 gold pieces
 21012 | Snake:4  | Bought a scroll of enchant armour for 202 gold pieces
 21012 | Snake:4  | Bought a scroll of identify for 54 gold pieces
 21021 | Snake:4  | Noticed a nagaraja
 21039 | Snake:4  | Killed a nagaraja
 21124 | Snake:4  | Received a gift from Trog
 21173 | Snake:4  | Found Ocwutol's Armour Boutique.
 21216 | Snake:4  | Noticed a nagaraja
 21229 | Snake:4  | Killed a nagaraja
 21661 | Snake:4  | Found Nyomolum's Assorted Antiques.
 22755 | Snake:4  | Noticed a nagaraja
 22777 | Snake:4  | Killed a nagaraja
 22804 | Snake:4  | Noticed a nagaraja
 22816 | Snake:4  | Killed a nagaraja
 23187 | Snake:4  | Noticed a nagaraja
 23229 | Snake:4  | Killed a nagaraja
 23408 | Snake:4  | Noticed a nagaraja
 23422 | Snake:4  | Killed a nagaraja
 23673 | Snake:4  | Reached XP level 16. HP: 146/161 MP: 20/20
 23696 | Snake:4  | Reached skill level 15 in Fighting
 24035 | Snake:4  | Reached skill level 20 in Axes
 24119 | Snake:4  | Received a gift from Trog
 24427 | Snake:4  | Reached skill level 15 in Armour
 24715 | Snake:4  | Got a serpentine rune of Zot
 25004 | Lair:3   | Noticed Baakeo's ghost (journeyman HOFi)
 25034 | Swamp:1  | Entered Level 1 of the Swamp
 25550 | Swamp:1  | Noticed Louise
 25564 | Swamp:1  | Killed Louise
 25619 | Swamp:1  | Received a gift from Trog
 26883 | Swamp:4  | Entered Level 4 of the Swamp
 26936 | Swamp:4  | Noticed Mara
 26956 | Swamp:4  | Noticed GandaPestile's illusion
 26965 | Swamp:4  | Slain by GandaPestile's illusion

Levels and vault maps discovered:
D:1:      minmay_arrival_jagged, layout_rooms, st_stairs_4,
          minmay_misc_feat_five
D:2:      layout_basic, elyvilon_altar_4
D:3:      kennysheep_six_static_rooms, layout_basic, cheibriados_altar_1,
          chequers_ecumenical_altar_simple, lemuel_tele_altar, uniq_ijyb
D:4:      layout_basic, gammafunk_ghost_smash, first_ration, uniq_menkaure,
          uniq_sigmund
D:5:      layout_gridville, grunt_temple_overflow_open
D:6:      layout_loops_corners, serial_shops, shop, uniq_crazy_yiuf_cottage
D:7:      layout_basic, lemuel_round_altar, temple_doors_e, uniq_joseph
D:8:      layout_loops_ring, gammafunk_ghost_necromancy, uniq_psyche
D:9:      layout_long_grid, zombieorc2_lemuel, gammafunk_ghost_necromancy,
          basic_altar, uniq_harold, uniq_erica
D:10:     layout_basic, lair_entry_dummy, serial_shops, nicolae_shop_crystal,
          hangedman_ranch [blue_anna_fruit_fields]
Lair:1:   layout_regular_city, serial_bayou_shore_a
Lair:2:   layout_long_grid, ebering_ghost_disaster_area, basic_altar,
          minivault_23, grunt_megastairs_2, infiniplex_staircase_pool_2
Lair:3:   layout_misc_corridors, skrybe_swamp_entry_bodies, dummy_snake_entry,
          gammafunk_ghost_necromancy, beast_lair_carwin_10, grunt_megastairs_5,
          minmay_lair_oklob_chamber
Swamp:1:  layout_falls_marsh, evilmike_swamp_ruin_house_5, uniq_louise
Swamp:2:  layout_basic_swamp, hangedman_swamp_ruin_wall
Swamp:3:  layout_falls_marsh, hangedman_swamp_ruin_hall, swamp_pool2,
          infiniplex_staircase_pool, uniq_kirke
Swamp:4:  swamp_icy, layout_basic_swamp, uniq_mara
Snake:1:  layout_chambers, special_room, serial_shops,
          nicolae_shop_behind_doors, grunt_ministairs_9, drop_trap
Snake:2:  layout_rooms, lemuel_fruit_tree, uniq_roxanne
Snake:3:  layout_gridlike, uniq_saint_roka
Snake:4:  snake_pit_salamanders_mu, layout_cave_town, serial_shops, shop,
          nicolae_shop_statue_plus, shop, nicolae_shop_behind_doors,
          nicolae_shop_waterfront
Orc:1:    layout_diamond_mine
Orc:2:    pubby_orc_utopia, uniq_erolcha, uniq_maurice

Skill      XL: |  1  2  3  4  5  6  7  8  9 10 11 12 13 14 15 16 |
---------------+-------------------------------------------------+-----
Axes           | 4 5 6 8 9 11 12 14 16 17 18 19 20 | 20.8
Fighting       | 4 5 6 7 8 9 11 12 13 14 15 | 15.6
Armour         | 3 4 5 6 8 9 10 11 12 13 14 15 | 15.4
Dodging        | 3 4 6 7 8 9 11 12 13 14 | 14.3
Evocations     | 3 5 7 8 |  8.5

Action                   |  1- 3 |  4- 6 |  7- 9 | 10-12 | 13-15 | 16-18 || total
-------------------------+-------+-------+-------+-------+-------+-------++-------
Melee: Hand axe          |    88 |    70 |   295 |       |       |       ||   453
       Headbutt          |     9 |    11 |    70 |   115 |   189 |    61 ||   455
       War axe           |       |       |    14 |    31 |       |       ||    45
       Battleaxe         |       |       |       |   505 |   736 |   128 ||  1369
       Executioner's axe |       |       |       |       |       |   153 ||   153
Throw: Dart              |       |       |     2 |       |       |       ||     2
Invok: Berserk           |     3 |     1 |     6 |     7 |    13 |     4 ||    34
       Trog's Hand       |       |       |     3 |     2 |       |     3 ||     8
       Brothers in Arms  |       |       |       |     5 |     8 |     2 ||    15
Evoke: Wand              |       |       |       |     5 |    11 |       ||    16
  Use: Scroll            |     5 |       |    12 |     5 |    18 |       ||    40
       Potion            |       |       |     7 |     5 |    10 |     7 ||    29
 Stab: Distracted        |       |       |       |     1 |       |       ||     1
       Paralysed         |       |       |       |     3 |       |       ||     3
  Eat: Ration            |     1 |       |     3 |     4 |    11 |     5 ||    24
       Chunk             |       |     5 |    10 |    18 |    14 |     1 ||    48
Armor: Animal skin       |     5 |       |       |       |       |       ||     5
       Chain mail        |    23 |    22 |   141 |    36 |       |       ||   222
       Plate armour      |       |       |       |   119 |   307 |   139 ||   565
Dodge: Dodged            |    40 |    30 |   124 |   179 |   382 |   166 ||   921
Block: Other             |       |       |       |    13 |    65 |    25 ||   103
       Reflection        |       |       |       |     2 |     6 |     1 ||     9

Table legend:
 A = Non-vault XP
 B = Vault XP
 C = Vault XP percentage of total XP
 D = Non-vault monster count
 E = Vault monster count
 F = Vault count percentage of total count
                 A         B        C        D         E       F
            +---------+---------+-------+---------+---------+-------
      Total |  118013 |   88302 |  42.8 |     468 |     315 |  40.2
            +---------+---------+-------+---------+---------+-------
        D:1 |      39 |       8 |  17.0 |      20 |       3 |  13.0
        D:2 |      19 |       0 |   0.0 |      14 |       0 |   0.0
        D:3 |      78 |      64 |  45.1 |      21 |       7 |  25.0
        D:4 |     193 |     978 |  83.5 |       9 |       5 |  35.7
        D:5 |     384 |       0 |   0.0 |      14 |       0 |   0.0
        D:6 |     689 |      41 |   5.6 |      14 |       1 |   6.7
        D:7 |    1314 |     445 |  25.3 |      27 |       1 |   3.6
        D:8 |     355 |     389 |  52.3 |      14 |       1 |   6.7
        D:9 |    1939 |    3672 |  65.4 |      26 |      44 |  62.9
       D:10 |    2147 |    1877 |  46.6 |      25 |       8 |  24.2
     Lair:1 |    6050 |       0 |   0.0 |      25 |       0 |   0.0
     Lair:2 |   10475 |     573 |   5.2 |      26 |       2 |   7.1
     Lair:3 |    9654 |    2061 |  17.6 |      32 |      12 |  27.3
    Swamp:1 |   12061 |    1639 |  12.0 |      32 |       1 |   3.0
    Swamp:2 |    4346 |       0 |   0.0 |       7 |       0 |   0.0
    Swamp:3 |    3598 |       0 |   0.0 |      13 |       0 |   0.0
    Swamp:4 |    2305 |       0 |   0.0 |       7 |       0 |   0.0
    Snake:1 |   12991 |     944 |   6.8 |      24 |       1 |   4.0
    Snake:2 |   13343 |       0 |   0.0 |      29 |       0 |   0.0
    Snake:3 |    9633 |    5759 |  37.4 |      20 |      14 |  41.2
    Snake:4 |   22079 |   47575 |  68.3 |      44 |      69 |  61.1
      Orc:1 |    4321 |     405 |   8.6 |      25 |      11 |  30.6
      Orc:2 |       0 |   21872 | 100.0 |       0 |     135 | 100.0
            +---------+---------+-------+---------+---------+-------
